 Dungeon Crawl Stone Soup version 0.19.1 (webtiles) character file.

892 KarmaPolice the Slasher (level 7, -14/52 HPs)
             Began as a Vampire Skald on Nov 26, 2016.
             Demolished by an orc warrior
             ... wielding a +0 flail
              (19 damage)
             ... on level 8 of the Dungeon.
             The game lasted 00:20:28 (9126 turns).

KarmaPolice the Slasher (Vampire Skald)             Turns: 9126, Time: 00:20:28

Health: -14/52     AC:  0    Str: 11    XL:     7   Next: 78%
Magic:  11/13      EV: 19    Int: 14    God:
Gold:   245        SH:  0    Dex: 21    Spells: 4 memorised, 7 levels left

rFire  . . .     SeeInvis +     (weapon currently unavailable)
rCold  + . .     Gourm    .     (armour currently unavailable)
rNeg   + + .     Faith    .     (shield currently unavailable)
rPois  +         Spirit   .     (helmet currently unavailable)
rElec  .         Reflect  .     (cloak currently unavailable)
rCorr  .         Harm     .     (gloves currently unavailable)
MR     .....                    (boots currently unavailable)
Stlth  ++++......               f - amulet of magic regeneration
                                (ring currently unavailable)
                                (ring currently unavailable)

@: bat-form, flying, regenerating slowly, very quick
A: fangs 3, see invisible, (unbreathing)
a: End Transformation


You were on level 8 of the Dungeon.
You were very thirsty.
You were in vampire-bat-form.
You visited 1 branch of the dungeon, and saw 9 of its levels.

You collected 245 gold pieces.

Inventory:

Hand Weapons
 a - a +0 falchion
 A - a +0 dagger of venom (melded)
Armour
 b - a +0 leather armour (melded)
 g - a +0 robe of fire resistance
 k - a +2 hat (melded)
 x - a +0 cloak (melded)
 D - a cursed +0 pair of boots (melded)
Magical Staves
 v - an uncursed staff of wizardry
Jewellery
 f - an amulet of magic regeneration (around neck)
 m - an uncursed ring of fire
 G - a ring of wizardry (melded)
Wands
 u - a wand of iceblast (5/15)
 B - a wand of random effects (24/48)
 C - a wand of iceblast (5/15)
 E - a wand of disintegration (9/24)
 F - a wand of flame (28/48)
 H - a wand of confusion (25/48)
Scrolls
 i - 4 scrolls of teleportation {unknown}
 p - 3 scrolls of remove curse {unknown}
 r - 3 scrolls of enchant weapon {unknown}
 w - 4 scrolls of identify {unknown}
 y - a scroll of fog {unknown}
Potions
 d - 9 potions of blood
 e - 4 potions of curing
 h - a potion of degeneration {unknown}
 j - 2 potions of might {unknown}
 l - 3 potions of mutation {unknown}
 n - 2 potions of cure mutation {unknown}
 o - a potion of berserk rage {unknown}
 q - a potion of flight {unknown}
 s - a potion of heal wounds {unknown}
 t - a potion of resistance {unknown}
 z - 2 potions of haste {unknown}
 I - 2 potions of brilliance {unknown}
Books
 c - a book of Battle

   Spells                             Type                      Level
   a - Infusion                       Charms                       1
   b - Shroud of Golubria             Charms/Translocation         2
   c - Song of Slaying                Charms                       2
   d - Spectral Weapon                Hexes/Charms                 3
   e - Regeneration                   Charms/Necromancy            3


   Skills:
 - Level 3.6 Fighting
 + Level 4.9 Long Blades
 - Level 0.7 Armour
 - Level 1.1 Dodging
 + Level 4.5 Spellcasting
 - Level 4.6 Charms
 + Level 2.7 Necromancy
 + Level 2.2 Evocations


You had 7 spell levels left.
You knew the following spells:

 Your Spells              Type           Power        Failure   Level  Hunger
a - Infusion              Chrm           ###.         2%          1    None
b - Shroud of Golubria    Chrm/Tloc      #.........   14%         2    ##.....
c - Song of Slaying       Chrm           ###.....     4%          2    ##.....
d - Regeneration          Chrm/Necr      ##........   14%         3    ###....


Dungeon Overview and Level Annotations

Branches:
Dungeon (9/15)
 Temple: D:4-7         Lair: D:8-11         Orc: D:9-12

Altars:
Elyvilon
Okawaru
Uskayaw
Zin


Innate Abilities, Weirdness & Mutations

You heal slowly.
You have razor-sharp teeth.
You have supernaturally acute eyesight. (SInv)
((You can survive without breathing.))


Message History

Unknown command.
You are no longer magically infusing your attacks.
The orc warrior barely misses you.
Evoke which item? (* to show all) (? for menu, Esc to quit)
Zapping:
H - a wand of confusion (26/48)
Press: ? - help, Shift-Dir - straight line, f/p - orc warrior
Aim: an orc warrior, wielding a flail and wearing a chain mail (almost dead, chance to defeat MR: 50%)
The orc warrior resists with some effort.
This wand has 25 charges left.
The orc warrior hits you with a flail!
* * * LOW HITPOINT WARNING * * *
You turn into a vampire bat.
Your +0 dagger of venom melds into your body.
Your +0 cloak melds into your body.
Your +2 hat melds into your body.
Your cursed +0 pair of boots melds into your body.
Your +0 leather armour melds into your body.
Your ring of wizardry melds into your body.
Your +0 dagger of venom stops dripping with poison.
The orc warrior hits you with a flail!!
You die...

#...)†.#... .
##.##)##..# .#
###.##.###'####..#
#...............>+
#................#
#................#
##.###.##..####..#
#####.##..####..#
#...bo..........
#...>......... .
##############


You could see an orc warrior.

Vanquished Creatures
  An ogre (D:5)
  A bullfrog (D:8)
  2 scorpions
  The ghost of azzavlup the Charlatan, a weakling VSAr (D:4)
  2 hounds
  2 jellies
  An orc priest (D:5)
  A bullfrog skeleton (D:4)
  Natasha (thrice) (D:3)
  3 orc wizards (D:5)
  3 worker ants
  7 adders
  4 gnolls (D:4)
  An adder skeleton (D:5)
  5 worms
  A dart slug (D:1)
  2 leopard geckos
  16 orcs
  2 ball pythons
  4 giant cockroaches
  5 goblins
  6 hobgoblins
  4 jackals (D:4)
  5 quokkas
  8 bats
  3 frilled lizards
  13 kobolds
  A leopard gecko skeleton (D:5)
  6 rats
113 creatures vanquished.

Notes
Turn   | Place    | Note
-------+----------+-------------------------------------------
     0 | D:1      | KarmaPolice the Vampire Skald began the quest for the Orb.
     0 | D:1      | Reached XP level 1. HP: 16/16 MP: 3/3
   310 | D:1      | Reached XP level 2. HP: 20/22 MP: 5/5
   314 | D:1      | Learned a level 2 spell: Shroud of Golubria
   317 | D:1      | Learned a level 2 spell: Song of Slaying
  1807 | D:2      | Reached XP level 3. HP: 22/27 MP: 0/6
  3056 | D:2      | Found a white marble altar of Elyvilon.
  3661 | D:3      | Reached XP level 4. HP: 32/34 MP: 3/7
  3686 | D:3      | Learned a level 3 spell: Regeneration
  4145 | D:3      | Found an iron altar of Okawaru.
  4173 | D:3      | Noticed Natasha
  5135 | D:3      | Killed Natasha
  5216 | D:3      | Noticed Natasha
  5493 | D:3      | Killed Natasha
  5493 | D:3      | Reached XP level 5. HP: 36/41 MP: 4/9
  5538 | D:3      | Noticed Natasha
  5547 | D:3      | Killed Natasha
  5796 | D:4      | Noticed an ogre
  6216 | D:4      | Reached XP level 6. HP: 44/47 MP: 3/10
  6424 | D:4      | Found a glowing silver altar of Zin.
  6424 | D:4      | Noticed an angel
  6766 | D:4      | Noticed azzavlup's ghost (weakling VSAr)
  6793 | D:4      | Killed azzavlup's ghost
  7109 | D:5      | Entered Level 5 of the Dungeon
  7149 | D:5      | Reached skill level 1 in Necromancy
  7960 | D:5      | Reached XP level 7. HP: 29/52 MP: 4/12
  8186 | D:5      | Reached skill level 1 in Evocations
  8977 | D:7      | You are sucked into a shaft for 2 floors!
  9029 | D:8      | Found a hide-covered altar of Uskayaw.
  9126 | D:8      | Demolished by an orc warrior

Skill      XL: |  1  2  3  4  5  6  7 |
---------------+----------------------+-----
Fighting       | 2 3 |  3.6
Charms         | 4 |  4.6
Long Blades    | 3 4 |  4.9
Spellcasting   | 3 4 |  4.5
Necromancy     | 1 2 |  2.7
Evocations     | 2 |  2.2
Armour         | |  0.7
Dodging        | |  1.1

Action                   |  1- 3 |  4- 6 |  7- 9 || total
-------------------------+-------+-------+-------++-------
Melee: Falchion          |   131 |   177 |       ||   308
       Bite              |    15 |    29 |     9 ||    53
       Unarmed           |       |    26 |       ||    26
       Dagger            |       |       |    65 ||    65
 Cast: Infusion          |     8 |    26 |     7 ||    41
       Shroud of Golubri |     4 |    10 |     2 ||    16
       Regeneration      |       |     7 |     4 ||    11
       Song of Slaying   |       |     3 |     1 ||     4
 Abil: Bat Form          |     2 |    35 |    13 ||    50
       End Transformatio |     2 |    35 |    12 ||    49
Evoke: Wand              |       |       |     5 ||     5
  Use: Potion            |     2 |     4 |     1 ||     7
 Stab: Sleeping          |     2 |     5 |     1 ||     8
       Confused          |       |       |     2 ||     2
       Distracted        |       |       |     1 ||     1
  Eat: Corpse            |     2 |     6 |     1 ||     9
Armor: Leather armour    |    39 |    45 |    18 ||   102
Dodge: Dodged            |    86 |   136 |    33 ||   255
       Rpst.: Falchion   |    21 |    28 |       ||    49
